 Dungeon Crawl Stone Soup version 0.30-a0-691-g754fce4c43 (webtiles) character file.

Game seed: 10487889300997174966

188 Oxelix the Cudgeller (level 5, -1/63 HPs)
             Began as a Demonspawn Berserker on Jan 19, 2023.
             Was a Believer of Trog.
             Succumbed to a gnoll's poison
             ... on level 3 of the Dungeon.
             The game lasted 00:03:32 (2363 turns).

Oxelix the Cudgeller (Demonspawn Berserker)         Turns: 2363, Time: 00:03:33

Health: -1/63      AC:  8    Str: 19    XL:     5   Next: 39%
Magic:  5/5        EV:  7    Int:  9    God:    Trog [**....]
Gold:   127        SH:  3    Dex: 12    Spells: 4/4 levels left

rFire   . . .      SeeInvis .    l - +0 hammer
rCold   . . .      Faith    .    b - +0 buckler
rNeg    . . .      Spirit   .    e - +0 chain mail
rPois   .          Reflect  .    (no helmet)
rElec   .          Harm     .    (no cloak)
rCorr   .          Rampage  .    (no gloves)
Will    .....                    (no boots) Stlth
                                 (no amulet)
HPRegen 0.30/turn                (no ring)
MPRegen 0.09/turn                (no ring)

@: berserking, lethally poisoned (-1 -> -29), very quick
A: powered by death 2, weakness stinger 1
a: Renounce Religion, Berserk, Trog's Hand


You were on level 3 of the Dungeon.
You worshipped Trog.
Trog was pleased with you.
You visited 1 branch of the dungeon, and saw 3 of its levels.

You collected 127 gold pieces.

Inventory:

Hand Weapons
 l - a +0 hammer (weapon)
Armour
 b - a +0 buckler (worn)
 e - a +0 chain mail (worn)
Scrolls
 c - 2 scrolls of teleportation {unknown}
 f - a scroll of fear {unknown}
 g - 2 scrolls of identify {unknown}
 h - a scroll of blinking {unknown}
 i - a scroll of fog {unknown}
 j - a scroll of vulnerability {unknown}
Potions
 d - a potion of magic {unknown}
 k - a potion of curing {unknown}


   Skills:
 + Level 4.2 Fighting
 * Level 4.8 Maces & Flails
 - Level 1.7 Armour
 - Level 1.7 Dodging


You had 4 spell levels left.
You didn't know any spells.
Your spell library was empty.

Dungeon Overview and Level Annotations

Branches:
Dungeon (3/15)

Altars:


Innate Abilities, Weirdness & Mutations

You regenerate health from kills.
You have a small tail.


Message History

A gnoll is wielding a +0 spear of venom.
The gnoll shouts! x2
The gnoll barely misses you.
The gnoll hits you from afar with a +0 spear of venom.
You are poisoned.
You hit the gnoll but do no damage.
You feel very sick.
A rat comes into view.
The gnoll hits you with a +0 spear.
The gnoll hits you from afar with a +0 spear of venom.
You are more poisoned.
You closely miss the gnoll.
You feel very sick. The gnoll hits you with a +0 spear.
The gnoll hits you from afar with a +0 spear of venom.
You are lethally poisoned!
Okay, then.
A red film seems to cover your vision as you go berserk!
You feel yourself moving faster!
You feel mighty!
You feel extremely sick. The gnoll hits you with a +0 spear.
You block the gnoll's attack.
You hit the gnoll. You tail-slap the gnoll!
You kill the gnoll!
Trog accepts your kill.
* * * LOW HITPOINT WARNING * * *
You feel very sick.
The gnoll hits you from afar with a +0 spear of venom.
* * * LOW HITPOINT WARNING * * *
You are more poisoned.
* * * LOW HITPOINT WARNING * * *
You feel very sick. The gnoll hits you but does no damage.
You are more poisoned.
The gnoll hits you from afar with a +0 halberd!
* * * LOW HITPOINT WARNING * * *
Things that are here:
a +0 spear; a gnoll corpse You sock the gnoll!
The gnoll is almost dead.
You die...

........#. . ##
#######..#. #. #.
....... #..#.
##...#. ##..#.
###.#.#. ......
..#...##
#....r######
#.###### #.....#
#.##.... #@###.#
#.###.## #:.g..#.#
#.#...#
#.#g#.#.#.###...#.#
#.#.#.#.#.......#.#
# #.# #.#######.#.#
#.. #.........#.#
### #####.#####.#
#.......# #.#######


You could see 2 gnolls and a rat.

Vanquished Creatures
  Crazy Yiuf (D:2)
  Natasha (thrice) (D:2)
  A gnoll (D:3)
  2 adders (D:2)
  3 worms (D:2)
  2 dart slugs
  5 ball pythons
  3 bats
  3 endoplasms
  3 giant cockroaches
  2 goblins (D:1)
  6 hobgoblins
  7 jackals
  A quokka (D:1)
  2 frilled lizards (D:2)
  2 kobolds
46 creatures vanquished.

Vanquished Creatures (others)
  5 fungi (D:2)
5 creatures vanquished.

Grand Total: 51 creatures vanquished

Notes
Turn   | Place    | Note
-------+----------+-------------------------------------------
     0 | D:1      | Oxelix the Demonspawn Berserker began the quest for the
                  | Orb.
     0 | D:1      | Reached XP level 1. HP: 18/18 MP: 1/1
    82 | D:1      | Gained mutation: You have a small tail. [demonic ancestry]
    82 | D:1      | Reached XP level 2. HP: 22/24 MP: 2/2
   712 | D:1      | Found a faded altar of an unknown god.
  1019 | D:2      | Gained mutation: You regenerate a little health from kills.
                  | [demonic ancestry]
  1019 | D:2      | Reached XP level 3. HP: 14/29 MP: 3/3
  1217 | D:2      | Reached ** piety under Trog
  1404 | D:2      | Reached XP level 4. HP: 37/37 MP: 4/4
  1437 | D:2      | Noticed Natasha
  1443 | D:2      | Killed Natasha
  1561 | D:2      | Noticed Natasha
  1583 | D:2      | Killed Natasha
  1814 | D:2      | Noticed Natasha
  1827 | D:2      | Killed Natasha
  1828 | D:2      | Gained mutation: You regenerate health from kills. [demonic
                  | ancestry]
  1828 | D:2      | Reached XP level 5. HP: 30/42 MP: 5/5
  2182 | D:2      | Found a runed translucent door.
  2183 | D:2      | Noticed Crazy Yiuf
  2190 | D:2      | Killed Crazy Yiuf
  2362 | D:3      | HP: 3/63 [gnoll/+0 halberd (7)]
  2363 | D:3      | Succumbed to a gnoll's poison

Illustrated notes

Levels and vault maps discovered:
D:1:      co_arrival_square_in_a_square_in_a_square, layout_loops_ring,
          shapermc_ecumenical_altar_acropolis, minmay_door_square,
          minmay_pentomino_q2
D:2:      layout_loops_ring, chequers_jeans, st_stairs_1, minmay_surrounded,
          uniq_natasha, uniq_crazy_yiuf_cottage
D:3:      layout_basic, cheibrodos_sewer_entry_bend, uniq_ijyb

Skill      XL: |  1  2  3  4 |
---------------+-------------+-----
Maces & Flails | 3 4 |  4.8
Fighting       | 4 |  4.2
Armour         | |  1.7
Dodging        | |  1.7

Action                   |  1- 3 |  4- 6 || total
-------------------------+-------+-------++-------
Melee: Mace              |   118 |    74 ||   192
       Tailslap          |     7 |     9 ||    16
       Punch             |     1 |       ||     1
Invok: Berserk           |     2 |     3 ||     5
 Stab: Sleeping          |     1 |       ||     1
Armor: Animal skin       |     1 |       ||     1
       Chain mail        |    72 |    29 ||   101
Dodge: Dodged            |    71 |    26 ||    97
Block: Buckler           |    17 |    11 ||    28

Table legend: (Time is in decaauts)
 A = Elapsed time spent in this place.
 B = Non-inter-level travel time spent in this place.
 C = Inter-level travel time spent in this place.
 D = Time resting spent in this place.
 E = Time spent auto-exploring this place.
 F = Levels seen in this place.
 G = Mean time per level.
                   A        B        C        D        E       F      G
               +--------+--------+--------+--------+--------+-----+--------+
         Total |   2472 |   2376 |     96 |    185 |   1709 |   3 |  824.0 |
       Dungeon |   2472 |   2376 |     96 |    185 |   1709 |   3 |  824.0 |
               +--------+--------+--------+--------+--------+-----+--------+

Top non-repeatable levels by time:
     D:2: 1365 daAuts
     D:1: 1026 daAuts
     D:3: 80 daAuts
